 Dungeon Crawl Stone Soup version 0.27-a0-604-g29a88b33a7 (webtiles) character file.

Game seed: 5828850745677899535

9 Essalna the Chiller (level 2, 0/20 HPs)
             Began as a Demonspawn Ice Elementalist on Mar 12, 2021.
             Slain by a hobgoblin
             ... wielding a +0 club
              (3 damage)
             ... on level 1 of the Dungeon.
             The game lasted 00:01:01 (274 turns).

Essalna the Chiller (Demonspawn Ice Elementalist)    Turns: 274, Time: 00:01:02

Health: 0/20       AC:  2    Str:  8    XL:     2   Next: 3%
Magic:  2/5        EV: 12    Int: 16    God:
Gold:   0          SH:  0    Dex: 13    Spells: 4/5 levels left

rFire    . . .     SeeInvis .   (no weapon)
rCold    . . .     Faith    .   (no shield)
rNeg     . . .     Spirit   .   a - +0 robe
rPois    .         Reflect  .   (no helmet)
rElec    .         Harm     .   (no cloak)
rCorr    .         Rampage  .   (no gloves)
Will     .....                  (no boots)
Stlth    ++........             (no amulet)
HPRegen  0.06/turn              (no ring)
MPRegen  0.09/turn              (no ring)

@: no status effects
A: claws 1
a: no special abilities


You were on level 1 of the Dungeon.
You visited 1 branch of the dungeon, and saw 1 of its levels.

Inventory:

Armour
 a - a +0 robe (worn)


   Skills:
 + Level 0.5 Fighting
 + Level 2.0 Dodging
 - Level 1.7 Stealth
 + Level 2.1 Spellcasting
 + Level 3.7 Ice Magic


You had 4 spell levels left.
You knew the following spells:

 Your Spells              Type           Power      Damage    Failure   Level
a - Freeze                Ice            52%        1d7       4%          1

Your spell library contained the following spells:

 Spells                   Type           Power      Damage    Failure   Level
 Frozen Ramparts          Ice            26%        1d4       13%         3
 Ozocubu's Armour         Ice            13%        N/A       13%         3
 Hailstorm                Conj/Ice       7%         3d4       67%         4
 Summon Ice Beast         Ice/Summ       7%         N/A       67%         4


Dungeon Overview and Level Annotations

Branches:
Dungeon (1/15)

Altars:


Innate Abilities, Weirdness & Mutations

You have sharp fingernails.


Message History

Aiming: Freeze (safe; 4% risk of failure)
Press: ? - help, Shift-Dir - straight line, f - goblin
Aim: a goblin You freeze the goblin.
The goblin is severely wounded.
The goblin barely misses you.
The hobgoblin hits you but does no damage.
Found a scroll labelled DOTHIO FUMAY.
The hobgoblin barely misses you.
Found a club.
The goblin closely misses you.
Casting: Freeze (safe; 4% risk of failure)
Confirm with . or Enter, or press ? or * to list all spells.
Aiming: Freeze (safe; 4% risk of failure)
Press: ? - help, Shift-Dir - straight line, f/p - goblin
Aim: a goblin (severely wounded)
You freeze the goblin.
You kill the goblin!
You have reached level 2!
You feel monstrous as your demonic heritage exerts itself.
Your demonic ancestry asserts itself...
Your fingernails lengthen.
Save game and exit?
Okay, then.
Unknown command.
The hobgoblin barely misses you.
You see here a goblin corpse.
The hobgoblin hits you but does no damage.
The hobgoblin hits you with a +0 club. The hobgoblin hits you with a +0 club.
The hobgoblin barely misses you. The hobgoblin barely misses you.
The hobgoblin hits you with a +0 club. The hobgoblin hits you with a +0 club.
The hobgoblin hits you with a +0 club.
* * * LOW HITPOINT WARNING * * *
The hobgoblin hits you with a +0 club.
* * * LOW HITPOINT WARNING * * *
The hobgoblin hits you with a +0 club.
You die...

#.#.# #.#.# # #.#.#######.##
#>#.##........ #.........#
##.#.##.#### # ##.#..##.# .#
#. ##.###.##.## .#
###.####.####@.#..#######.#
..........#..g.......†..#$#
##...........#.###.###...####
###.....###.#?..###.........
#8.....8#..###.#)#.#...####
##.....###..#......#...####
##.....###.###.#.###....[>#
#8.....8##.#......#.......#
##.....###.#.#!#.###......#


You could see a hobgoblin.

Vanquished Creatures
  A dart slug (D:1)
  A bat (D:1)
  A goblin (D:1)
  A jackal (D:1)
  A kobold (D:1)
  A rat (D:1)
6 creatures vanquished.

Notes
Turn   | Place    | Note
-------+----------+-------------------------------------------
     0 | D:1      | Essalna the Demonspawn Ice Elementalist began the quest for
                  | the Orb.
     0 | D:1      | Reached XP level 1. HP: 13/13 MP: 3/3
   263 | D:1      | Gained mutation: You have sharp fingernails. [demonic
                  | ancestry]
   263 | D:1      | Reached XP level 2. HP: 17/20 MP: 1/5
   274 | D:1      | Slain by a hobgoblin

Illustrated notes

Levels and vault maps discovered:
D:1:      psy_arrival_heroes, layout_loops_ring, minmay_indecisive_spiral

Skill      XL: |  1 |
---------------+----+-----
Dodging        | 2 |  2.0
Fighting       | |  0.5
Stealth        | |  1.7
Spellcasting   | |  2.1
Ice Magic      | |  3.7

Action                   || total
-------------------------++-------
Melee: Unarmed           ||    28
 Cast: Freeze            ||    10
Armor: Robe              ||    19
Dodge: Dodged            ||    38

Table legend: (Time is in decaauts)
 A = Elapsed time spent in this place.
 B = Non-inter-level travel time spent in this place.
 C = Inter-level travel time spent in this place.
 D = Time resting spent in this place.
 E = Time spent auto-exploring this place.
 F = Levels seen in this place.
 G = Mean time per level.
                   A        B        C        D        E       F      G
               +--------+--------+--------+--------+--------+-----+--------+
         Total |    274 |    274 |      0 |      0 |    167 |   1 |  274.0 |
       Dungeon |    274 |    274 |      0 |      0 |    167 |   1 |  274.0 |
               +--------+--------+--------+--------+--------+-----+--------+

Top non-repeatable levels by time:
     D:1: 274 daAuts
